AoeStats
← Kanyaga

Arabia

509753969Analyzed
1v1 RM · 4d ago on Sep 27, 2026· 15m 17s· 2 players
Game mode
Random Map
Map size
Tiny (2 player)
Population
200
Speed
Normal
Resources
Standard
Victory
Conquest
Starting age
Dark Age
Ending age
Imperial Age
RankedLock teamsTeams togetherTeam positionsShared explorationLock speedFull tech treeHidden civsTurbo modeCheats
Victory
Defeat
🇹🇷 Mongols · Türkiye
1560
+16
🇨🇱 Jurchens · Chile
1551
-16
[CL] FARFANA
9:09 Loom
11:52 Feudal Age
12:29 Double-Bit Axe
13:24 Man-at-Arms
Kanyaga
2:50 Loom
7:12 Loom
9:23 Feudal Age
9:57 Man-at-Arms
10:56 Double-Bit Axe
12:23 Arson
Connection lost

Rejoining the realm…

Still unreachable

The connection could not be restored.

Session expired

The server has moved on; the page needs a fresh start.